 Dungeon Crawl Stone Soup version 0.25-a0-474-ga8a2ee3 (webtiles) character file.

Game seed: 1980015684944547819, levelgen mode: deterministic

239 Coldstonesans the Grave Robber (level 5, -3/35 HPs)
             Began as a Mummy Necromancer on Feb 7, 2020.
             Was an Initiate of Yredelemnul.
             Killed from afar by Ijyb (8 damage)
             ... with a burst of metal fragments
             ... on level 3 of the Dungeon.
             The game lasted 00:07:00 (2845 turns).

Coldstonesans the Grave Robber (Mummy Necromancer)  Turns: 2845, Time: 00:07:03

Health: -3/35      AC:  2    Str: 11    XL:     5   Next: 79%
Magic:  11/12      EV: 12    Int: 15    God:    Yredelemnul [......]
Gold:   142        SH:  0    Dex: 13    Spells: 8/13 levels left

rFire    . . .     SeeInvis .   k - +3 whip
rCold    + + .     Gourm    .   (no shield)
rNeg     + + +     Faith    .   a - +0 robe
rPois    ∞         Spirit   .   (no helmet)
rElec    .         Reflect  .   d - scarf {rC+ rF+}
rCorr    .         Harm     .   (no gloves)
MR       .....                  (no boots)
Stlth    ++........             l - amulet of magic regeneration
HPRegen  0.11/turn              (no ring)
MPRegen  0.38/turn              (no ring)

@: no status effects
A: no food or potions, fire vulnerability, cold resistance 1, negative energy
resistance 3, torment resistance, unbreathing
a: Renounce Religion


You were on level 3 of the Dungeon.
You worshipped Yredelemnul.
Yredelemnul was noncommittal.
You were not hungry.

You visited 1 branch of the dungeon, and saw 3 of its levels.

You collected 142 gold pieces.

Inventory:

Hand Weapons
 k - a +3 whip (weapon)
Armour
 a - a +0 robe (worn)
 d - a scarf of resistance (worn)
 h - a cursed +0 buckler
 i - a +0 cloak
Jewellery
 l - an amulet of magic regeneration (around neck)
Scrolls
 b - 2 scrolls of remove curse
 c - 2 scrolls of random uselessness
 e - a scroll of noise {unknown}
 f - 5 scrolls of identify
 j - a scroll of immolation {unknown}


   Skills:
 - Level 1.5 Dodging
 - Level 1.5 Stealth
 + Level 4.8 Spellcasting
 * Level 6.2 Necromancy


You had 8 spell levels left.
You knew the following spells:

 Your Spells              Type           Power        Failure   Level  Hunger
a - Pain                  Necr           ###.         1%          1    N/A
b - Animate Dead          Necr           N/A          13%         4    N/A

Your spell library contained the following spells:

 Spells                   Type           Power        Failure   Level  Hunger
 Animate Skeleton         Necr           N/A          1%          1    N/A
 Vampiric Draining        Necr           ###.......   3%          3    N/A
 Corona                   Hex            #......      17%         1    N/A
 Ensorcelled Hibernation  Hex/Ice        #.....       26%         2    N/A
 Agony                    Necr           ###.....     34%         5    N/A
 Confusing Touch          Hex            #.......     45%         3    N/A
 Dazzling Flash           Conj/Hex       #.....       45%         3    N/A
 Tukima's Dance           Hex            #.......     45%         3    N/A

Dungeon Overview and Level Annotations

Branches:
Dungeon (3/15)

Altars:
Yredelemnul

Annotations:
D:3 Ijyb


Innate Abilities, Weirdness & Mutations

You do not eat or drink.
Your flesh is vulnerable to fire.
You are immune to poison.
Your flesh is cold resistant. (rC+)
You are immune to negative energy. (rN+++)
You are immune to unholy pain and torment.
You can survive without breathing.


Message History

Press: ? - help, Shift-Dir - straight line, f - Ijyb
Aim: Ijyb, wearing a +1 chain mail of poison resistance and carrying a wand of scattershot (7) (chance to defeat MR: 87%) Ijyb writhes in agony.
Ijyb zaps a wand.
The burst of metal fragments hits you.
The burst of metal fragments misses you.
The burst of metal fragments hits you.
The burst of metal fragments misses you.
Casting: Pain (safe; 1% risk of failure)
Confirm with . or Enter, or press ? or * to list all spells.
Aiming: Pain (safe; 1% risk of failure)
Press: ? - help, Shift-Dir - straight line, f/p - Ijyb
Aim: Ijyb, wearing a +1 chain mail of poison resistance and carrying a wand of scattershot (6) (lightly wounded, chance to defeat MR: 87%) Ijyb writhes in agony.
Ijyb zaps a wand.
The burst of metal fragments hits you! x2
The burst of metal fragments misses you.
Ijyb zaps a wand.
The burst of metal fragments hits you.
* * * LOW HITPOINT WARNING * * *
The burst of metal fragments hits you.
* * * LOW HITPOINT WARNING * * *
The burst of metal fragments hits you!
You die...
Yredelemnul claims you as an undead slave.

######## ####### ###### #...!...
......# ###....##########)......
......# #.......................
......####......@....g...........
.........#...##......)........#..
.........#...#....Z..........##.[
..#......#...#.Z....!...#........
..#.........##.#####....#........
...........(##.# #....####.....
#.........(.(..#####....####.....
#....(.............#.).....#....†
#.....##...........#.......#.....


You could see Ijyb, a friendly gnoll zombie and a friendly orc zombie.

Vanquished Creatures
  An orc wizard (D:3)
  A centaur skeleton (D:3)
  4 gnolls (D:3)
  3 adders
  A worm (D:2)
  3 dart slugs
  4 orcs (D:3)
  A giant cockroach (D:2)
  3 goblins
  2 hobgoblins (D:3)
  A quokka (D:2)
  6 bats
  3 frilled lizards (D:2)
  5 kobolds
  12 rats
50 creatures vanquished.

Vanquished Creatures (collateral kills)
  A phantom (D:3)
1 creature vanquished.

Vanquished Creatures (others)
  A plant (D:2)
1 creature vanquished.

Grand Total: 52 creatures vanquished

Notes
Turn   | Place    | Note
-------+----------+-------------------------------------------
     0 | D:1      | Coldstonesans the Mummy Necromancer began the quest for the
                  | Orb.
     0 | D:1      | Reached XP level 1. HP: 13/13 MP: 4/4
   435 | D:1      | Reached XP level 2. HP: 19/19 MP: 3/6
  1132 | D:2      | Found a faded altar of an unknown god.
  1230 | D:2      | Reached XP level 3. HP: 24/24 MP: 5/7
  1914 | D:3      | Reached skill level 5 in Necromancy
  1914 | D:3      | Reached XP level 4. HP: 18/30 MP: 9/9
  2160 | D:3      | Found a basalt altar of Yredelemnul.
  2169 | D:3      | Noticed Ijyb
  2197 | D:3      | Noticed a phantom
  2267 | D:3      | Reached XP level 5. HP: 19/35 MP: 7/11
  2435 | D:2      | Learned a level 4 spell: Animate Dead
  2490 | D:3      | Killed a phantom
  2490 | D:3      | Reached skill level 6 in Necromancy
  2752 | D:3      | Became a worshipper of Yredelemnul the Dark
  2845 | D:3      | Killed from afar by Ijyb

Levels and vault maps discovered:
D:1:      nagdon_arrival_zigzag_paths, layout_basic
D:2:      layout_basic, chequers_ecumenical_altar_simple, serial_bayou,
          serial_bayou_pond_d, serial_bayou_pond_b, serial_bayou_pond_e,
          serial_bayou_shore_a, serial_bayou_lake_a
D:3:      layout_basic, yredelemnul_altar_generic, uniq_ijyb

Skill      XL: |  1  2  3  4  5 |
---------------+----------------+-----
Spellcasting   | 3 4 |  4.8
Necromancy     | 5 6 |  6.2
Dodging        | |  1.5
Stealth        | |  1.5

Action                   |  1- 3 |  4- 6 || total
-------------------------+-------+-------++-------
Melee: Unarmed           |     1 |       ||     1
       Whip              |    10 |    21 ||    31
 Cast: Pain              |    64 |    43 ||   107
       Animate Dead      |       |     3 ||     3
  Use: Scroll            |     3 |     3 ||     6
 Stab: Sleeping          |     1 |       ||     1
Armor: Robe              |     6 |     3 ||     9
Dodge: Dodged            |    26 |    23 ||    49

Table legend:
 A = Non-vault XP
 B = Vault XP
 C = Vault XP percentage of total XP
 D = Non-vault monster count
 E = Vault monster count
 F = Vault count percentage of total count
                 A         B        C        D         E       F
            +---------+---------+-------+---------+---------+-------
      Total |     338 |       4 |   1.2 |      48 |       3 |   5.9
            +---------+---------+-------+---------+---------+-------
        D:1 |      15 |       0 |   0.0 |      10 |       0 |   0.0
        D:2 |      53 |       4 |   7.0 |      15 |       3 |  16.7
        D:3 |     270 |       0 |   0.0 |      23 |       0 |   0.0
            +---------+---------+-------+---------+---------+-------
